 Dungeon Crawl Stone Soup version 0.30.1-11-g7821555f0a (webtiles) character file.

Game seed: 6020707393251127555

15 MrIGI the Shield-Bearer (level 2, 0/29 HPs)
             Began as a Troll Fighter on Dec 22, 2023.
             Slain by a hobgoblin (2 damage)
             ... on level 1 of the Dungeon.
             The game lasted 00:01:11 (194 turns).

MrIGI the Shield-Bearer (Troll Fighter)              Turns: 194, Time: 00:01:11

Health: 0/29       AC:  4    Str: 23    XL:     2   Next: 34%
Magic:  1/1        EV:  8    Int:  4    God:
Gold:   40         SH:  7    Dex:  9    Spells: 1/1 levels left

rFire   . .          .
                       - Unarmed
rCold   . . .        b - +0 kite shield
rNeg    . . .        a - +0 robe
rPois   .            (helmet restricted)
rElec   .            (no cloak)
rCorr   .            (gloves unavailable)
SInv    .            (boots unavailable)
Will    .....        (no amulet)
Stlth   +            (no ring)
HPRegen 1.04/turn    (no ring)
MPRegen 0.07/turn

%: no passive effects
@: lethally poisoned (0 -> -1)
A: large, unfitting armour, claws 3, regeneration 1, shaggy fur 1, tough skin 1
a: no special abilities


You were on level 1 of the Dungeon.
You visited 1 branch of the dungeon, and saw 1 of its levels.

You collected 40 gold pieces.

Inventory:

Missiles
 g - 2 silver javelins (quivered)
Armour
 a - a +0 robe (worn)
 b - a +0 kite shield (worn)
Scrolls
 e - a scroll of teleportation {unknown}
 f - a scroll of poison {unknown}
Potions
 c - a potion of might
 d - a potion of curing {unknown}


   Skills:
 + Level 2.5 Fighting
 + Level 2.5 Dodging
 + Level 2.8 Shields
 * Level 2.4 Unarmed Combat


You had one spell level left.
You didn't know any spells.
Your spell library contained the following spells:

 Spells                   Type           Power      Damage    Failure   Level
 Portal Projectile        Hex/Tloc       0%         N/A       98%         3
 Tukima's Dance           Hex            0%         N/A       98%         3
 Blade Hands              Tmut           0%         N/A       100%        5


Dungeon Overview and Level Annotations

Branches:
Dungeon (1/15)

Altars:


Innate Abilities, Weirdness & Mutations

You are too large for most types of armour.
You have claws for hands.
Your natural rate of healing is unusually fast.
You are covered in fur. (AC +1)
You have tough skin. (AC +1)


Message History

You scratch the ball python.
The ball python is severely wounded.
The ball python completely misses you.
You claw the ball python!
You kill the ball python!
No target in view!
No target in view!
You now have 33 gold pieces (gained 11).
You now have 40 gold pieces (gained 7).
A gnoll comes into view. It is wielding a +0 spear of venom.
Found a buckler.
The gnoll shouts!
A gnoll is nearby!
A hobgoblin comes into view.
The hobgoblin shouts!
You hear an angry hiss.
A ball python comes into view.
A rat comes into view.
The gnoll hits you with a +0 spear of venom!
You are poisoned.
You scratch the gnoll.
The gnoll is moderately wounded.
You feel very sick. You block the gnoll's attack.
You closely miss the gnoll.
The gnoll is moderately wounded.
You feel sick.
The gnoll hits you with a +0 spear of venom!
* * * LOW HITPOINT WARNING * * *
You block the hobgoblin's attack.
You are too injured to fight recklessly!
You are too injured to fight recklessly!
You completely miss the gnoll.
The gnoll is moderately wounded.
You feel sick.
The gnoll hits you with a +0 spear of venom.
* * * LOW HITPOINT WARNING * * *
You block the hobgoblin's attack. The ball python bites you.
* * * LOW HITPOINT WARNING * * *
The hobgoblin attacks as you move away! The hobgoblin hits you.
You die...

#........
#........
#.#........
#.#.[......
#.#...... #
#####.#..r. ##.
......ggS# ...
##.#@.# #.#
#....## #.#
#.#.## # #.#
#.#.# #
##.########...#
#
#............##
###..#######..##
.....# #.##
._..## ##.#


You could see a gnoll, a hobgoblin, a ball python and a rat.

Vanquished Creatures
  A dart slug (D:1)
  A giant cockroach (D:1)
  A goblin (D:1)
  A hobgoblin (D:1)
  3 jackals (D:1)
  A quokka (D:1)
  3 ball pythons (D:1)
  A frilled lizard (D:1)
12 creatures vanquished.

Notes
Turn   | Place    | Note
-------+----------+-------------------------------------------
     0 | D:1      | MrIGI the Troll Fighter began the quest for the Orb.
     0 | D:1      | Reached XP level 1. HP: 22/22 MP: 0/0
    66 | D:1      | Found a faded altar of an unknown god.
    81 | D:1      | Reached XP level 2. HP: 24/29 MP: 1/1
   194 | D:1      | Slain by a hobgoblin

Illustrated notes

Levels and vault maps discovered:
D:1:      beargit_arrival_greenhouse, layout_rooms,
          ebering_ecumenical_altar_abandoned

Action                     || total
---------------------------++-------
  Melee: Unarmed           ||    27
 Armour: Robe              ||     5
  Dodge: Dodged            ||    11
  Block: Kite shield       ||    15
